 Dungeon Crawl Stone Soup version 0.27-a0-1188-g73eefd5def (webtiles) character file.

Game seed: 14507659827044976052

38033 bande the Severer (level 14, -4/88 HPs)
             Began as a Gargoyle Fighter on May 21, 2021.
             Was the Champion of Okawaru.
             Slain by a queen bee (12 damage)
             ... on level 4 of the Lair of Beasts.
             The game lasted 00:28:27 (14049 turns).

bande the Severer (Gargoyle Fighter)               Turns: 14049, Time: 00:28:29

Health: -4/88      AC: 42    Str: 26    XL:     14   Next: 0%
Magic:  20/20      EV: 11    Int: 10    God:    Okawaru [******]
Gold:   1019       SH: 12    Dex: 10    Spells: 13/13 levels left

rFire    . . .     SeeInvis .   a - +1 war axe (vamp)
rCold    + + +     Faith    .   e - +0 kite shield "Aliq" {rF- rC++ Slay+5 Stlth+}
rNeg     + . .     Spirit   .   r - +15 Maxwell's patent armour {-Cast -Tele rElec Will+ rCorr}
rPois    ∞         Reflect  .   o - +0 helmet
rElec    +         Harm     .   E - scarf {rC+ rF+}
rCorr    +         Rampage  .   X - +0 pair of gloves {Str+3}
Will     ++...     NoTele   +   (no boots) Stlth ..........NoCast +
                                p - amulet of regeneration
HPRegen  1.24/turn              n - +4 ring of evasion
MPRegen  0.17/turn              h - +4 ring of slaying

@: flying
A: sickness immunity, AC +10, big wings, negative energy resistance 1,
electricity resistance, torment resistance 1, petrification resistance
a: Renounce Religion, Heroism, Finesse


You were on level 4 of the Lair of Beasts.
You worshipped Okawaru.
Okawaru was exalted by your worship.
You visited 3 branches of the dungeon, and saw 16 of its levels.
You also visited: Bailey.

You collected 1019 gold pieces.

Inventory:

Hand Weapons
 a - a +1 vampiric war axe (weapon)
 l - a +4 war axe
 v - a +0 mace of protection
 S - a +2 antimagic broad axe
Missiles
 q - 12 atropa-tipped darts
 x - 2 throwing nets (quivered)
 y - 7 curare-tipped darts
Armour
 c - a +0 kite shield
 e - the +0 kite shield "Aliq" (worn) {rF- rC++ Slay+5 Stlth+}
   (You acquired it on level 2 of the Dungeon)

   It affects your accuracy and damage with ranged weapons and melee attacks
   (+5).
   It makes you vulnerable to fire.
   It greatly protects you from cold.
   It makes you more stealthy.
 f - a +1 chain mail
 o - a +0 helmet (worn)
 r - the +15 Maxwell's patent armour (worn) {-Cast -Tele rElec Will+ rCorr}
   (You found it in a bailey)

   It insulates you from electricity.
   It prevents spellcasting.
   It prevents most forms of teleportation.
   It protects you from acid and corrosion.
   It increases your willpower.
 E - a scarf of resistance (worn)
 J - a +2 plate armour of fire resistance
 X - a +0 pair of gloves of strength (worn)
Jewellery
 h - a +4 ring of slaying (right hand)
 i - a ring of magical power
 n - a +4 ring of evasion (left hand)
 p - an amulet of regeneration (around neck)
 s - a +6 ring of dexterity
 u - an amulet of the acrobat
 z - a +6 ring of strength
 B - a ring of resist corrosion
 D - a ring of protection from cold
 F - a ring of willpower
 L - a ring of see invisible
 N - a ring of fire
 W - a +6 ring of intelligence
 Y - a ring of wizardry
Wands
 w - a wand of polymorph (4)
 A - a wand of iceblast (25)
 C - a wand of acid (39)
 K - a wand of charming (10)
 P - a wand of flame (32)
 T - a wand of mindburst (18)
 U - a wand of paralysis (13)
Scrolls
 g - a scroll of amnesia
 j - 11 scrolls of identify
 m - 4 scrolls of teleportation
 G - a scroll of fear {unknown}
 I - 7 scrolls of fog {unknown}
 M - 2 scrolls of holy word
 Q - 2 scrolls of enchant armour
Potions
 b - 2 potions of cancellation
 d - a potion of might
 k - 6 potions of curing
 t - a potion of invisibility {unknown}
 H - 3 potions of heal wounds {unknown}
 O - 4 potions of ambrosia {unknown}
 R - 6 potions of haste {unknown}
 V - 2 potions of berserk rage {unknown}


   Skills:
 + Level 10.4 Fighting
 + Level 15.2 Axes
 + Level 1.5(11.1) Maces & Flails
 + Level 9.4 Armour
 + Level 2.5 Dodging
 + Level 10.3 Shields
 * Level 8.2 Invocations
 * Level 6.5 Evocations


You had 13 spell levels left.
You didn't know any spells.
Your spell library contained the following spells:

 Spells                   Type           Power      Damage    Failure   Level
 Animate Skeleton         Necr           0%         N/A       100%        1
 Apportation              Tloc           0%         N/A       100%        1
 Beastly Appendage        Tmut           0%         N/A       100%        1
 Corona                   Hex            0%         N/A       100%        1
 Summon Small Mammal      Summ           0%         N/A       100%        1
 Ensorcelled Hibernation  Hex/Ice        0%         N/A       100%        2
 Poisonous Vapours        Pois/Air       0%         N/A       100%        2
 Wereblood                Tmut           0%         N/A       100%        2
 Confusing Touch          Hex            0%         N/A       100%        3
 Conjure Flame            Conj/Fire      0%         6-21      100%        3
 Dazzling Flash           Conj/Hex       0%         N/A       100%        3
 Mephitic Cloud           Conj/Pois/Air  0%         N/A       100%        3
 Spider Form              Tmut/Pois      0%         N/A       100%        3
 Tukima's Dance           Hex            0%         N/A       100%        3
 Animate Dead             Necr           0%         N/A       100%        4
 Ice Form                 Ice/Tmut       0%         N/A       100%        4
 Borgnjor's Vile Clutch   Necr/Erth      0%         N/A       100%        5
 Hydra Form               Tmut           0%         N/A       100%        5
 Death Channel            Necr           0%         N/A       100%        6
 Freezing Cloud           Conj/Ice/Air   0%         6-21      100%        6
 Simulacrum               Ice/Necr       0%         N/A       100%        6


Dungeon Overview and Level Annotations

Branches:
Dungeon (11/15)            Temple (1/1) D:4            Lair (4/6) D:11
  Swamp (0/4) Lair:2       Spider (0/4) Lair:2          Orc (0/2) D:11
 Bailey (visited)

Altars:
Ashenzari
Cheibriados
Dithmenos
Elyvilon
Gozag
Hepliaklqana
Kikubaaqudgha
Nemelex Xobeh
Okawaru
Ru
Sif Muna
Trog
Uskayaw
Vehumet
Wu Jian
Xom
Yredelemnul
Zin
The Shining One
Jiyva

Shops:
D:2 (   D:4 ?   D:8 [

Annotations:
D:11 2 transporters, AtomicRavioli's ghost, journeyman HuNe
Lair:1 exclusion: 3 oklob plants
Lair:3 3 runed translucent doors, Kustesche's ghost, journeyman NaTm


Innate Abilities, Weirdness & Mutations

You are immune to sickness and miasma.
Your stone body is resilient. (AC +10)
You are immune to poison.
Your large and strong wings let you fly.
You resist negative energy. (rN+)
You are resistant to electric shocks. (rElec)
You are resistant to unholy torment.
You are immune to petrification.


Message History

You slash the killer bee!
The killer bee is heavily wounded.
You hit the queen bee but do no damage. You block the killer bee's attack. x2
The meliai invokes the aid of its god against you.
Something smites you!
* * * LOW HITPOINT WARNING * * *
The queen bee stings you but does no damage.
You block the killer bee's attack.
You barely miss the killer bee.
The killer bee is heavily wounded.
You hit the queen bee.
You feel better. You block the killer bee's attack.
The killer bee barely misses you. You block the queen bee's attack.
Unknown command.
You miss the killer bee.
The killer bee is heavily wounded.
You slash the queen bee!
The killer bee stings you but does no damage.
You block the killer bee's attack. x2; The queen bee stings you.
* * * LOW HITPOINT WARNING * * *
Unknown command.
Your Maxwell's patent armour prevents you from hitting the queen bee.
The queen bee is severely wounded.
You hit the killer bee but do no damage.
The killer bee misses you. You block the killer bee's attack.
You barely miss the queen bee.
The queen bee is severely wounded.
You completely miss the killer bee. The killer bee stings you.
* * * LOW HITPOINT WARNING * * *
The meliai calls upon its god to heal the killer bee.
The killer bee is healed somewhat.
The killer bee barely misses you. You block the queen bee's attack.
You block the killer bee's attack.
You hit the queen bee.
You feel better.
The queen bee is severely wounded.
You slash the killer bee!
You feel better.
The killer bee stings you but does no damage.
The meliai calls down the wrath of its god upon you.
Something smites you!
* * * LOW HITPOINT WARNING * * *
The killer bee barely misses you. The queen bee stings you!
You die...

...#.#..##y≈...≈≈#
..#.#.#..##≈≈..≈≈#
.##.#.#...##≈≈..≈#
.#.#.#†#...##≈≈.≈#
.#.#.#..#...##yyy#
..#.####.#...##Fy#
..#.# #..##..#By#
...#. ###..#†##y#
#..#.. #..##..#y@#
.##.##..##..##...#
#..#..##..##..#..#
.#....# #......#
.#........#...#
### #..#####.....#
.#. .#.###.###..##
.#.#.#.##....#####
#.#.#..#..P......#


You could see a boulder beetle, a cane toad, a queen bee, a meliai and 5 killer
bees.

Vanquished Creatures
  Gastronok (D:11)
  Harold (D:8)
  3 hydras
  3 two-headed ogres
  4 death yaks (Lair:3)
  A manticore (Lair:4)
  An ugly thing (D:11)
  11 elephants
  6 cane toads
  A gargoyle (D:7)
  10 komodo dragons
  2 kobold demonologists (Bailey)
  A rime drake (Lair:4)
  2 trolls (D:11)
  A meliai (Lair:4)
  16 blink frogs
  2 redbacks (Lair:2)
  A shadow (D:11)
  6 wyverns
  A wraith (D:11)
  21 yaks
  2 basilisks
  Eustachio (D:5)
  2 chaos spawn (D:8)
  Grum (D:11)
  2 steam dragons
  An acid dragon (D:11)
  17 water moccasins
  2 ice beasts
  2 sky beasts
  17 orc warriors
  A hornet zombie (D:9)
  A black bear (D:7)
  A necrophage (D:7)
  14 wolves
  3 ogres
  8 centaurs
  4 phantoms
  11 bullfrogs
  3 kobold brigands
  4 scorpions
  A gnoll sergeant (D:6)
  A water moccasin zombie (D:5)
  21 killer bees (Lair:4)
  3 wights (D:9)
  2 electric eels (Bailey)
  2 howler monkeys
  A bullfrog zombie (D:5)
  A centaur zombie (D:9)
  2 gnoll shamans
  9 orc priests
  5 bullfrog skeletons
  A centaur skeleton (D:6)
  2 hounds (D:5)
  2 jellies
  3 iguanas
  17 orc wizards
  A hell rat (Lair:4)
  2 killer bee zombies
  19 gnolls
  A howler monkey skeleton (D:2)
  7 adders
  2 shadow imps
  An ufetubus (D:4)
  A worm (D:3)
  A dart slug (D:2)
  39 orcs
  4 bats
  5 endoplasms
  4 giant cockroaches
  19 goblins
  18 hobgoblins
  A quokka (D:3)
  7 ball pythons
  3 frilled lizards
  9 kobolds
  7 rats
416 creatures vanquished.

Vanquished Creatures (others)
  4 fungi (Lair:4)
  29 plants
33 creatures vanquished.

Grand Total: 449 creatures vanquished

Notes
Turn   | Place    | Note
-------+----------+-------------------------------------------
     0 | D:1      | bande the Gargoyle Fighter began the quest for the Orb.
     0 | D:1      | Reached XP level 1. HP: 14/14 MP: 1/1
   534 | D:1      | Reached XP level 2. HP: 19/19 MP: 2/2
   547 | D:1      | Reached skill level 2 in Axes
   677 | D:1      | Found a faded altar of an unknown god.
  1218 | D:2      | Reached XP level 3. HP: 21/24 MP: 3/3
  1304 | D:2      | Found Fywaurch's Antique Weapon Shoppe.
  1322 | D:2      | Identified a scroll of acquirement
  1322 | D:2      | Acquired the +0 kite shield "Aliq" {rF- rC++ Slay+5 Stlth+}
  2041 | D:3      | Reached XP level 4. HP: 28/29 MP: 4/4
  2830 | D:3      | Reached skill level 3 in Axes
  3023 | D:4      | Reached XP level 5. HP: 31/33 MP: 5/5
  3045 | D:4      | Noticed a phantom
  3054 | D:4      | Killed a phantom
  3195 | D:4      | Reached XP level 6. HP: 26/38 MP: 6/6
  3355 | D:4      | Reached skill level 4 in Axes
  3415 | D:4      | Found a snail-covered altar of Cheibriados.
  3452 | D:4      | Reached XP level 7. HP: 31/44 MP: 7/7
  3672 | D:4      | Found a staircase to the Ecumenical Temple.
  3692 | Temple   | Entered the Ecumenical Temple
  3938 | D:4      | Found Waicuseg's Magic Scroll Emporium.
  3942 | D:4      | Reached skill level 5 in Axes
  3949 | D:4      | Reached skill level 1 in Dodging
  4122 | D:4      | Reached skill level 5 in Fighting
  4250 | D:4      | Found a bloodstained altar of Trog.
  4326 | D:5      | Entered Level 5 of the Dungeon
  4332 | D:5      | Reached skill level 5 in Armour
  4332 | D:5      | Reached XP level 8. HP: 4/49 MP: 8/8
  4612 | D:5      | Reached skill level 6 in Axes
  4694 | D:5      | Reached skill level 5 in Shields
  4889 | D:5      | You fall into a shaft and drop 1 floor!
  5180 | D:5      | Noticed Eustachio
  5209 | D:5      | Killed Eustachio
  5210 | D:5      | Reached skill level 7 in Axes
  5636 | D:5      | Reached XP level 9. HP: 47/54 MP: 9/9
  6554 | D:6      | Reached skill level 8 in Axes
  7065 | D:7      | Reached XP level 10. HP: 38/61 MP: 10/10
  7153 | D:7      | Reached skill level 9 in Axes
  7310 | D:7      | Found a flagged portal.
  7321 | Bailey   | Entered a bailey
  7389 | Bailey   | Found an iron altar of Okawaru.
  7389 | Bailey   | Noticed a kobold demonologist
  7389 | Bailey   | Noticed a kobold demonologist
  7415 | Bailey   | Killed a kobold demonologist
  7420 | Bailey   | Killed a kobold demonologist
  7487 | Bailey   | Became a worshipper of Warmaster Okawaru
  7534 | Bailey   | Found the +15 Maxwell's patent armour {-Cast -Tele rElec
                  | Will+ rCorr}
  7722 | Bailey   | Reached skill level 10 in Axes
  7941 | D:7      | Noticed a gargoyle
  7951 | D:7      | Killed a gargoyle
  7951 | D:7      | Reached * piety under Okawaru
  8052 | D:7      | Found an ornate altar of the Wu Jian Council.
  8552 | D:8      | Acquired a manual of Axes
  8611 | D:8      | Found a shimmering altar of Xom.
  8613 | D:8      | Found the +7 mace of Variability {chain chaos}
  8694 | D:8      | Found Tuffofoy's Armour Emporium.
  8815 | D:8      | Reached XP level 11. HP: 59/68 MP: 11/11
  8861 | D:8      | Noticed Harold
  8882 | D:8      | Killed Harold
  8882 | D:8      | Reached ** piety under Okawaru
  8883 | D:8      | Reached skill level 11 in Axes
  8883 | D:8      | Reached skill level 1 in Invocations
  8883 | D:8      | Reached skill level 1 in Evocations
  9144 | D:8      | Found a sand-covered staircase.
  9347 | D:8      | Found a sacrificial altar of Ru.
  9434 | D:8      | Noticed a two-headed ogre
  9439 | D:8      | Killed a two-headed ogre
  9705 | D:9      | Reached *** piety under Okawaru
  9744 | D:9      | Noticed a two-headed ogre
  9756 | D:9      | Killed a two-headed ogre
  9907 | D:9      | Reached skill level 12 in Axes
 10054 | D:10     | Entered Level 10 of the Dungeon
 10054 | D:10     | Found a shimmering altar of Xom.
 10105 | D:10     | Noticed a two-headed ogre
 10112 | D:10     | Killed a two-headed ogre
 10112 | D:10     | Reached **** piety under Okawaru
 10391 | D:10     | Found an iron altar of Okawaru.
 10582 | D:11     | Reached ***** piety under Okawaru
 10708 | D:11     | Found a staircase to the Orcish Mines.
 10720 | D:11     | Noticed Grum
 10740 | D:11     | Killed Grum
 10767 | D:11     | Noticed Gastronok
 10782 | D:11     | Killed Gastronok
 10782 | D:11     | Received a gift from Okawaru
 10783 | D:11     | Reached skill level 13 in Axes
 10783 | D:11     | Reached XP level 12. HP: 75/75 MP: 15/15
 10877 | D:11     | Noticed a six-headed hydra
 10883 | D:11     | Found a transporter.
 10883 | D:11     | Found a transporter.
 10883 | D:11     | Noticed a two-headed ogre
 10887 | D:11     | Noticed AtomicRavioli's ghost (journeyman HuNe)
 10950 | D:11     | Found a staircase to the Lair.
 10981 | D:11     | Noticed a four-headed hydra
 10997 | D:11     | Killed a six-headed hydra
 10998 | D:11     | Reached skill level 5 in Invocations
 11200 | D:11     | Noticed a five-headed hydra
 11210 | D:11     | Killed a five-headed hydra
 11305 | Lair:1   | Entered Level 1 of the Lair of Beasts
 11454 | Lair:1   | Received a gift from Okawaru
 11455 | Lair:1   | Reached skill level 1 in Maces & Flails
 11470 | Lair:1   | You fall into a shaft and drop 1 floor!
 12002 | Lair:1   | Reached ****** piety under Okawaru
 12002 | Lair:1   | Received a gift from Okawaru
 12247 | Lair:2   | Found a hole to the Spider Nest.
 12335 | Lair:2   | Found a staircase to the Swamp.
 12455 | Lair:2   | Reached skill level 14 in Axes
 12587 | Lair:3   | Noticed a death yak
 12594 | Lair:3   | Noticed a death yak
 12594 | Lair:3   | Noticed a death yak
 12595 | Lair:3   | Noticed a death yak
 12609 | Lair:3   | Reached XP level 13. HP: 76/80 MP: 17/17
 12610 | Lair:3   | Reached skill level 5 in Evocations
 12616 | Lair:3   | Received a gift from Okawaru
 12848 | Lair:3   | Reached skill level 10 in Fighting
 12889 | Lair:3   | Reached skill level 10 in Shields
 12948 | Lair:3   | Reached skill level 15 in Axes
 13004 | Lair:3   | Found a runed translucent gate.
 13004 | Lair:3   | Found a runed translucent gate.
 13005 | Lair:3   | Found a runed translucent gate.
 13010 | Lair:3   | Noticed Kustesche's ghost (journeyman NaTm)
 13016 | Lair:3   | Found a viscous altar of Jiyva.
 13947 | Lair:4   | Received a gift from Okawaru
 14042 | Lair:4   | Gained mutation: Your large and strong wings let you fly.
                  | [Gargoyle growth]
 14042 | Lair:4   | Reached XP level 14. HP: 16/88 MP: 20/20
 14049 | Lair:4   | Slain by a queen bee

Illustrated notes

Levels and vault maps discovered:
D:1:      dpeg_arrival_pits, layout_basic, basic_ecumenical_altar, st_stairs_8,
          kennysheep_nondescript
D:2:      layout_basic, serial_shops,
          nicolae_shop_temple_entry_statues_fountains
D:3:      wad_pebble_path, layout_loops_ring, minmay_tree_intersection,
          hex_medium
D:4:      layout_gridville, cheibriados_altar_1, marbit_many_paths,
          minmay_temple_entry_large_hall, corexii_shack,
          kennysheep_windowed_goal
D:5:      layout_layer_cave, uniq_eustachio
D:6:      minmay_flawed_box, layout_basic, kennysheep_small_spiral
D:7:      minmay_inner_zag, layout_basic, nicolae_overflow_hidden_temple,
          enter_bailey_3
D:8:      layout_basic, nicolae_ru_awakened_eye, serial_shops,
          nicolae_shop_behind_doors, enter_ossuary_3,
          minmay_guarded_unrand_variability, uniq_harold
D:9:      layout_rooms, minmay_chambers_of_fives
D:10:     layout_rooms, lemuel_crystal_altar, lemuel_coloured_pillars_altar
D:11:     layout_grid_maze, david_lair_shrubbed, orc_0_dummy, nzn_ghost_randoct,
          uniq_grum, uniq_gastronok
Temple:   dshaligram_water_room_temple
Lair:1:   layout_hall_layers, minmay_lair_oklob_chamber
Lair:2:   layout_cave_shapes, swamp_mist, spider_nest_entry_webs
Lair:3:   layout_big_grid, gammafunk_ghost_ooze, lemuel_fruit_tree
Lair:4:   regret_index_wax_grids, layout_cave_pods, infiniplex_staircase_pool_2

Skill      XL: |  1  2  3  4  5  6  7  8  9 10 11 12 13 |
---------------+----------------------------------------+-----
Axes           | 2 3 4 5 7 8 10 13 14 15 | 15.2
Armour         | 4 5 7 8 9 |  9.4
Shields        | 4 5 6 7 8 9 10 | 10.3
Fighting       | 4 5 6 7 8 9 10 | 10.4
Dodging        | 1 2 |  2.5
Invocations    | 4 6 8 |  8.2
Evocations     | 3 4 6 |  6.5
Maces & Flails | 1 |  1.5

Action                   |  1- 3 |  4- 6 |  7- 9 | 10-12 | 13-15 || total
-------------------------+-------+-------+-------+-------+-------++-------
Melee: War axe           |    99 |    92 |   276 |   575 |   278 ||  1320
       Mace              |       |       |       |    14 |     6 ||    20
  Use: Potion            |     2 |       |       |       |     1 ||     3
       Scroll            |     5 |       |     8 |     1 |       ||    14
Armor: Scale mail        |    11 |       |       |       |       ||    11
       Chain mail        |    60 |    55 |   195 |    44 |       ||   354
       Plate armour      |       |       |       |   278 |   172 ||   450
Dodge: Dodged            |    20 |    34 |   168 |   202 |   127 ||   551
Block: Kite shield       |    54 |    57 |   220 |   338 |   220 ||   889

Table legend: (Time is in decaauts)
 A = Elapsed time spent in this place.
 B = Non-inter-level travel time spent in this place.
 C = Inter-level travel time spent in this place.
 D = Time resting spent in this place.
 E = Time spent auto-exploring this place.
 F = Levels seen in this place.
 G = Mean time per level.
                   A        B        C        D        E       F      G
               +--------+--------+--------+--------+--------+-----+--------+
         Total |  14286 |  14156 |    130 |    935 |   9682 |  17 |  840.4 |
       Dungeon |  10833 |  10703 |    130 |    923 |   7306 |  11 |  984.8 |
        Temple |    178 |    178 |      0 |      0 |    141 |   1 |  178.0 |
          Lair |   2690 |   2690 |      0 |      0 |   1945 |   4 |  672.5 |
        Bailey |    583 |    583 |      0 |     12 |    290 |   1 |  583.0 |
               +--------+--------+--------+--------+--------+-----+--------+

Top non-repeatable levels by time:
     D:4: 1419 daAuts
     D:5: 1394 daAuts
     D:1: 1196 daAuts
     D:6: 1082 daAuts
     D:7: 1043 daAuts
     D:8: 1023 daAuts
     D:3: 1014 daAuts
     D:2: 896 daAuts
  Lair:1: 834 daAuts
  Lair:3: 821 daAuts
    D:11: 794 daAuts
  Lair:4: 602 daAuts
  Bailey: 583 daAuts
     D:9: 492 daAuts
    D:10: 476 daAuts
